 Dungeon Crawl Stone Soup version 0.31.0-11-ge490571c62 (webtiles) character file.

Game seed: 4252644674956613928

7 qw the Shooter (level 1, -2/12 HPs)
             Began as a Deep Elf Hunter on Feb 3, 2024.
             Slain by Sigmund
             ... wielding a +0 scythe
              (7 damage)
             ... on level 2 of the Dungeon.
             The game lasted 00:00:01 (863 turns).

qw the Shooter (Deep Elf Hunter)                     Turns: 863, Time: 00:00:02

Health: -2/12      AC:  5    Str: 14    XL:     1   Next: 83%
Magic:  3/3        EV: 11    Int: 13    God:
Gold:   24         SH:  0    Dex: 18    Spells: 0/0 levels left

rFire   . . .        a - +0 shortbow
rCold   . . .        (shield currently unavailable)
rNeg    . . .        g - +0 ring mail
rPois   .            (no helmet)
rElec   .            (no cloak)
rCorr   .            (no gloves)
SInv    .            (no boots)
Will    .....        (no amulet)
Stlth   +            e - +6 ring of strength
HPRegen 0.22/turn    (no ring)
MPRegen 0.08/turn

%: no passive effects
@: no status effects
A: no striking features
a: no special abilities


You were on level 2 of the Dungeon.
You visited 1 branch of the dungeon, and saw 2 of its levels.

You collected 24 gold pieces.


   Skills:
 - Level 1.5 Fighting
 + Level 5.8 Ranged Weapons
 - Level 2.4 Dodging
 - Level 1.2 Stealth


You couldn't memorise any spells.
You didn't know any spells.
Your spell library was empty.

Inventory:

Hand Weapons
 a - a +0 shortbow (weapon)
Armour
 g - a +0 ring mail (worn)
Jewellery
 e - a +6 ring of strength (left hand)

Dungeon Overview and Level Annotations

Branches:
Dungeon (2/15)

Altars:

Annotations:
D:2 Sigmund


Message History

790 ||| STAIRDANCE Sigmund barely misses you.
In your confused state, you trip and fall back down the stairs.
Sigmund casts a spell at you. The magic dart hits you.
792 ||| STAIRDANCE Sigmund points at you and mumbles some strange words.
The puff of flame misses you.
In your confused state, you trip and fall back down the stairs.
Sigmund barely misses you.
794 ||| STAIRDANCE You climb upwards.
You feel less confused.
There is a stone staircase leading down here.
You start resting.
HP restored.
You climb downwards.
Level annotation: Sigmund Sigmund hits you from afar with a +0 scythe!
Ouch! That really hurt!
There is a stone staircase leading up, spattered with blood here.
817 ||| STAIRDANCE You climb upwards.
There is a stone staircase leading down here.
You start resting.
HP restored.
You climb downwards.
Level annotation: Sigmund Sigmund hits you but does no damage.
There is a stone staircase leading up, spattered with blood here.
You shoot an arrow. The arrow barely misses Sigmund.
You shoot an arrow. The arrow hits Sigmund.
Sigmund is moderately wounded.
Sigmund hits you from afar with a +0 scythe!
Ouch! That really hurt!
863 ||| STAIRDANCE Sigmund hits you from afar with a +0 scythe!
Ouch! That really hurt!
You die...
Sigmund begins carving another notch in his scythe. . ...>#######.# #....@.@..# #.#########

You could see Sigmund.

Vanquished Creatures
  An endoplasm (D:1)
  A goblin (D:1)
  A kobold (D:1)
  A quokka (D:1)
  A ball python (D:1)
  A frilled lizard (D:1)
6 creatures vanquished.

Notes
Turn   | Place    | Note
-------+----------+-------------------------------------------
     0 | D:1      | qw the Deep Elf Hunter began the quest for the Orb.
     0 | D:1      | Reached XP level 1. HP: 12/12 MP: 3/3
     0 | D:1      | 0 ||| qw: Version: 0.3-a-157-g843a77d
     0 | D:1      | 0 ||| qw: Game counter: 3611
     0 | D:1      | 0 ||| qw: Melee chars always use a shield: true
     0 | D:1      | 0 ||| qw: God list: Okawaru
     0 | D:1      | 0 ||| qw: Allow faded altars: false
     0 | D:1      | 0 ||| qw: Do Orc after clearing Dungeon:15 true
     0 | D:1      | 0 ||| qw: Do second Lair branch before Depths: true
     0 | D:1      | 0 ||| qw: Lair rune preference: random
     0 | D:1      | 0 ||| qw: Goals: Normal
     0 | D:1      | 0 ||| PLANNING D:1-11
   127 | D:1      | Found a faded altar of an unknown god.
   734 | D:1      | 734 ||| UPGRADING to +0 ring mail.
   744 | D:1      | 744 ||| DROPPING +0 leather armour.
   745 | D:1      | 745 ||| UPGRADING to +6 ring of strength.
   746 | D:1      | 746 ||| READING scroll labelled LERUVV GEYRHU.
   747 | D:1      | 747 ||| READING scroll labelled OGEOSE AMUMN.
   748 | D:1      | 748 ||| DROPPING scroll of butterflies.
   785 | D:2      | Noticed Sigmund
   790 | D:2      | 790 ||| STAIRDANCE
   792 | D:2      | 792 ||| STAIRDANCE
   794 | D:2      | 794 ||| STAIRDANCE
   816 | D:2      | HP: 2/12 [Sigmund/+0 scythe (10)]
   817 | D:2      | 817 ||| STAIRDANCE
   863 | D:2      | 863 ||| STAIRDANCE
   863 | D:2      | Slain by Sigmund

Levels and vault maps discovered:
D:1:      dpeg_arrival_stone_temple_mockup, layout_basic,
          dreamdust_ecumenical_altar_grove
D:2:      layout_loops_ring, serial_shops, nicolae_diamond_shop,
          minmay_mini_jars, uniq_terence, uniq_natasha, uniq_sigmund

Action                     || total
---------------------------++-------
   Fire: Shortbow          ||    27
    Use: Scroll            ||     2
 Armour: Ring mail         ||     5
         Leather armour    ||     3
  Dodge: Dodged            ||    13

Table legend:
 A = Non-vault XP
 B = Vault XP
 C = Vault XP percentage of total XP
 D = Non-vault monster count
 E = Vault monster count
 F = Vault count percentage of total count
                 A         B        C        D         E       F
            +---------+---------+-------+---------+---------+-------
      Total |      10 |       0 |   0.0 |       6 |       0 |   0.0
            +---------+---------+-------+---------+---------+-------
        D:1 |      10 |       0 |   0.0 |       6 |       0 |   0.0
            +---------+---------+-------+---------+---------+-------
